 Dungeon Crawl Stone Soup version 0.31-a0-654-gbe3e110b4e (webtiles) character file.

Game seed: 10986214927439684693

23 kae the Changeling (level 2, -2/21 HPs)
             Began as a Demonspawn Shapeshifter on Aug 29, 2023.
             Slain by a worm (9 damage)
             ... on level 2 of the Dungeon.
             The game lasted 00:00:41 (1101 turns).

kae the Changeling (Demonspawn Shapeshifter)        Turns: 1101, Time: 00:00:41

Health: -2/21      AC:  2    Str: 14    XL:     2   Next: 75%
Magic:  0/2        EV: 12    Int: 11    God:
Gold:   33         SH:  0    Dex: 12    Spells: 1/1 levels left

rFire   . .          .
                       - Unarmed
rCold   . . .        (no shield)
rNeg    . . .        a - +0 animal skin
rPois   .            (helmet currently unavailable)
rElec   .            (cloak currently unavailable)
rCorr   .            (gloves currently unavailable)
SInv    .            (boots currently unavailable)
Will    .....        G - amulet of guardian spirit
Stlth   +            (no ring)
HPRegen 0.23/turn    (no ring)
MPRegen 0.08/turn

%: guardian spirit
@: beast-form
A: beast (slay +1), powered by pain 1
a: Begin Untransformation


You were on level 2 of the Dungeon.
You were a hulking beast.
You visited 1 branch of the dungeon, and saw 2 of its levels.

You collected 33 gold pieces.


Innate Abilities, Weirdness & Mutations

You are a hulking beast.
Your limbs bulge with bestial killing power. (Slay +1)
You sometimes gain a little power by taking damage.


   Skills:
 - Level 1.0 Fighting
 - Level 1.7 Dodging
 + Level 3.0 Unarmed Combat
 * Level 3.3 Shapeshifting


You had one spell level left.
You didn't know any spells.
Your spell library was empty.

Inventory:

Missiles
 f - 3 stones
 g - 9 poisoned darts
 i - 5 curare-tipped darts {=f}
Armour
 a - a +0 animal skin (worn)
Jewellery
 G - an amulet of guardian spirit (around neck)
   (You found it on level 1 of the Dungeon)
Talismans
 c - a beast talisman (active)
 d - a flux talisman
Potions
 b - a potion of lignification {!q}
 h - a potion of brilliance {unknown}

Dungeon Overview and Level Annotations

Branches:
Dungeon (2/15) Zot: 10900

Altars:

#.# #.# #.#
#.# #.#
######.#
###...>..#
#.....####
#....h#
#.>..w........
#......#######
#......#
#......#
#.#...##
#.....# #...?.


You could see a worm.


Message History

There are monsters nearby!
You see here an amulet of guardian spirit.
The goblin shouts!
There are monsters nearby!
The goblin barely misses you.
You closely miss the goblin.
The goblin hits you with a +0 dagger. 😕 HP[-4]
You take 4 damage, and now have 17/21 hp.
There are monsters nearby!
You hit the goblin.
You kill the goblin!
You hit the rat.
You kill the rat! 😕 HP[+1]
G - an amulet of guardian spirit 😎 HP[+3]
Your hp is fully restored (21).
No target in view!
No target in view!
Things that are here:
a +0 dagger; a rat corpse; a goblin corpse A hobgoblin comes into view.
A hobgoblin is nearby!
Unknown command.
A hobgoblin is nearby!
A hobgoblin is nearby!
The hobgoblin shouts!
A hobgoblin is nearby!
You barely miss the hobgoblin. The hobgoblin barely misses you.
A hobgoblin is nearby!
You hit the hobgoblin.
You kill the hobgoblin!
No target in view!
You see here a hobgoblin corpse.
A ball python comes into view.
The ball python hisses angrily.
A ball python is nearby!
You barely miss the ball python. The ball python bites you.
The ball python closely misses you.
You punch the ball python!
You kill the ball python! 😕 HP[-1]
You take 1 damage, and now have 20/21 hp.
You see here a ball python corpse.
Done exploring. 😎 HP[+1]
Your hp is fully restored (21).
Done exploring.
No target in view!
No target in view!
Done exploring.
No target in view!
No target in view!
Done exploring.
No target in view!
No target in view!
Done exploring.
Okay, then.
Okay, then.
You start putting on your amulet.
You continue putting on your amulet of guardian spirit. x5
You finish putting on your amulet of guardian spirit.
You feel your power drawn to a protective spirit.
G - an amulet of guardian spirit (around neck)
As you read the scroll labelled COSTIR WIRO, it crumbles to dust.
You feel momentarily disoriented.
It was a scroll of revelation.
As you read the scroll labelled UMEIRERGHIAD, it dissolves into smoke.
It was a scroll of fog.
Unknown command.
Done exploring.
Done exploring.
Done exploring.
You see here a +0 buckler.
There is a stone staircase leading down here.
You climb downwards.
There is a stone staircase leading up here.
g - 9 poisoned darts (gained 3)
Found two stone staircases leading down.
A worm comes into view.
There is a stone staircase leading down here.
A worm is nearby!
The worm bites you! 😮 HP[-6] MP[-1]
You take 6 damage, and now have 15/21 hp.
MASSIVE DAMAGE!! (PAUSE)
You lost 1 mp, and now have 1/2 mp.
You barely miss the worm. 😕 HP[+1]
You hit the worm. The worm bites you. 😮 HP[-5]
You take 5 damage, and now have 11/21 hp.
MASSIVE DAMAGE!! (PAUSE)
You hit the worm. You hit the worm. The worm bites you.
* * * LOW HITPOINT WARNING * * *
😨 HP[-4] MP[-1]
You take 4 damage, and now have 7/21 hp.
You lost 1 mp, and now have 0/2 mp.
You hit the worm. The worm bites you!
You die...

Skill      XL: |  1  2 |
---------------+-------+-----
Shapeshifting  | 3 |  3.3
Unarmed Combat | 3 |  3.0
Fighting       | |  1.0
Dodging        | |  1.7

Action                     || total
---------------------------++-------
  Melee: Unarmed           ||    54
    Use: Scroll            ||     2
 Armour: Animal skin       ||     6
  Dodge: Dodged            ||    27

Levels and vault maps discovered:
D:1:      minmay_arrival_split_and_join, layout_basic, minmay_circled_x
D:2:      layout_loops_ring, basic_altar

Notes
Turn   | Place    | Note
-------+----------+-------------------------------------------
     0 | D:1      | kae the Demonspawn Shapeshifter began the quest for the
                  | Orb.
     0 | D:1      | Reached XP level 1. HP: 15/15 MP: 1/1
     0 | D:1      | magus.rc [v1.11.3]
   218 | D:1      | Reached skill level 3 in Shapeshifting
   331 | D:1      | Gained mutation: You sometimes gain a little power by
                  | taking damage. [demonic ancestry]
   331 | D:1      | Reached XP level 2. HP: 21/21 MP: 2/2
   590 | D:1      | Reached skill level 3 in Unarmed Combat
  1101 | D:2      | Slain by a worm

Vanquished Creatures
  A dart slug (D:1)
  2 bats (D:1)
  2 endoplasms (D:1)
  3 goblins (D:1)
  A hobgoblin (D:1)
  A quokka (D:1)
  4 ball pythons (D:1)
  3 kobolds (D:1)
  2 rats (D:1)
19 creatures vanquished.

Table legend:
 A = Non-vault XP
 B = Vault XP
 C = Vault XP percentage of total XP
 D = Non-vault monster count
 E = Vault monster count
 F = Vault count percentage of total count
                 A         B        C        D         E       F
            +---------+---------+-------+---------+---------+-------
      Total |      28 |       6 |  17.6 |      15 |       4 |  21.1
            +---------+---------+-------+---------+---------+-------
        D:1 |      28 |       6 |  17.6 |      15 |       4 |  21.1
            +---------+---------+-------+---------+---------+-------

Skill      XL: |  1  2 |
---------------+-------+-----
Shapeshifting  | 3 |  3.3
Unarmed Combat | 3 |  3.0
Fighting       | |  1.0
Dodging        | |  1.7

Action                     || total
---------------------------++-------
  Melee: Unarmed           ||    54
    Use: Scroll            ||     2
 Armour: Animal skin       ||     6
  Dodge: Dodged            ||    27

Illustrated notes

Table legend:
 A = Kills in this place as a percentage of kills in the entire game.
 B = Kills by you in this place as a percentage of kills by you in the entire game.
 C = Kills by friends in this place as a percentage of kills by friends in the entire game.
 D = Other kills in this place as a percentage of other kills in the entire game.
 E = Experience gained in this place as a percentage of experience gained in the entire game.
 F = Experience gained in this place divided by the number of levels of this place that you have seen.
                   A       B       C       D       E      F
               +-------+-------+-------+-------+-------+----------------------
         Total | 100.0 | 100.0 |   N/A |   N/A | 100.0 |  17.0
       Dungeon | 100.0 | 100.0 |   N/A |   N/A | 100.0 |  17.0
               +-------+-------+-------+-------+-------+----------------------

Table legend: (Time is in decaauts)
 A = Elapsed time spent in this place.
 B = Non-inter-level travel time spent in this place.
 C = Inter-level travel time spent in this place.
 D = Time resting spent in this place.
 E = Time spent auto-exploring this place.
 F = Levels seen in this place.
 G = Mean time per level.
                   A        B        C        D        E       F      G
               +--------+--------+--------+--------+--------+-----+--------+
         Total |   1098 |   1049 |     49 |     17 |    909 |   2 |  549.0 |
       Dungeon |   1098 |   1049 |     49 |     17 |    909 |   2 |  549.0 |
               +--------+--------+--------+--------+--------+-----+--------+

Top non-repeatable levels by time:
     D:1: 1079 daAuts
     D:2: 19 daAuts
